 Dungeon Crawl Stone Soup version 0.17.1-3-g152610e (webtiles) character file.

795 grom234 the Chopper (level 7, -1/93 HPs)
             Began as a Minotaur Berserker on Apr 5, 2016.
             Was a Believer of Trog.
             Succumbed to a scorpion's poison
             ... on level 5 of the Dungeon.
             The game lasted 00:19:41 (3730 turns).

grom234 the Chopper (Minotaur Berserker)            Turns: 3730, Time: 00:19:41

Health: -1/93      AC: 10    Str: 29    XL:     7   Next: 58%
Magic:  8/8        EV: 10    Int:  4    God:    Trog [**....]
Gold:   126        SH:  0    Dex:  9    Spells: 0 memorised, 9 levels left

rFire  + . .     SeeInvis .     d - +0 broad axe
rCold  . . .     Clarity  .     t - +0 chain mail
rNeg   . . .     SustAt   .     (no shield)
rPois  .         Gourm    .     (helmet restricted)
rElec  .         Spirit   .     (no cloak)
rCorr  .         Warding  .     (no gloves)
rMut   .         Stasis   .     (no boots)
MR     .....                    (no amulet)
Stlth  ..........               (no ring)
                                o - ring of protection from fire

@: berserking, lethally poisoned (-1 -> -22), very quick, not resistant to
hostile enchantments, extremely unstealthy
A: retaliatory headbutt, horns 2
a: Berserk, Trog's Hand, Burn Spellbooks, Renounce Religion


You were on level 5 of the Dungeon.
You worshipped Trog.
Trog was pleased with you.
You were not hungry.

You visited 2 branches of the dungeon, and saw 6 of its levels.

You collected 126 gold pieces.

Inventory:

Hand Weapons
 a - a +0 hand axe
 d - a +0 broad axe (weapon)
 n - a +0 hand axe
Armour
 t - a +0 chain mail (worn)
Jewellery
 j - an uncursed amulet of the gourmand {unknown}
 o - a ring of protection from fire (left hand)
 r - an uncursed amulet of regeneration {unknown}
Wands
 k - a wand of digging (6)
Scrolls
 f - 2 scrolls of teleportation {unknown}
 h - a scroll of random uselessness {unknown}
 l - 4 scrolls of enchant weapon {unknown}
 m - a scroll of identify {unknown}
 s - a scroll of amnesia {unknown}
Potions
 c - a potion of lignification {unknown}
 e - 2 potions of brilliance {unknown}
 p - a potion of haste {unknown}
 q - a potion of agility {unknown}
Comestibles
 b - 7 fruits
 i - 3 meat rations


   Skills:
 + Level 5.9 Fighting
 + Level 6.4 Axes
 + Level 5.6 Armour
 + Level 4.0 Dodging
 * Level 1.7 Spellcasting


You had 9 spell levels left.
You didn't know any spells.

Dungeon Overview and Level Annotations

Branches:
Dungeon (5/15)             Temple (1/1) D:4

Altars:
Cheibriados
Dithmenos
Fedhas
Gozag
Kikubaaqudgha
Makhleb
Nemelex Xobeh
Okawaru
Qazlal
Sif Muna
Trog
Vehumet
Yredelemnul
Zin
The Shining One


Innate Abilities, Weirdness & Mutations

You reflexively headbutt those who attack you in melee.
You have a pair of horns on your head.


Message History

* * * LOW HITPOINT WARNING * * *
You feel sick.
The orc wizard hits you but does no damage.
The scorpion stings you.
* * * LOW HITPOINT WARNING * * *
You are more poisoned.
The scorpion poisons you!
Drop what? 19/52 slots (_ for help) (? for menu, Esc to quit)
Okay, then.
You are too berserk!
You are too berserk!
You are too berserk!
You are too berserk!
Eat which item? (? for menu, Esc to quit)
* * * LOW HITPOINT WARNING * * *
You feel sick.
The orc wizard gestures wildly while chanting.
The orc wizard blinks!
Mmmm...
Yummy orange.
You die...

#......# #
# ##.######
# # #.#..#
#
...#.#..###
#
........%.#
#
...<......#
##
#.........#
#.
#...##.%[†#
#. ....
#..s@# #.
... #....#
##
..?.......#
........#
...#.#...<
........o.
##.#.#....#
........##


You could see a scorpion and an orc wizard.

Vanquished Creatures
  The ghost of Yevrel the Covered, an amateur MiFi (D:4)
  Menkaure (D:4)
  A scorpion (D:4)
  A giant frog skeleton (D:4)
  A crimson imp (D:5)
  Ijyb (D:3)
  An orc priest (D:5)
  Jessica (D:2)
  An iguana (D:4)
  An orc wizard (D:3)
  3 worker ants
  5 adders
  2 shadow imps (D:5)
  An ooze (D:1)
  3 worms (D:3)
  4 giant geckos
  11 orcs
  A ball python (D:2)
  5 bats
  8 goblins
  7 hobgoblins
  2 jackals (D:5)
  5 kobolds
  A quokka (D:2)
  2 giant cockroaches
  A giant newt (D:2)
  6 rats
77 creatures vanquished.

Notes
Turn   | Place    | Note
--------------------------------------------------------------
     0 | D:1      | grom234 the Minotaur Berserker began the quest for the Orb.
     0 | D:1      | Reached XP level 1. HP: 19/19 MP: 0/0
   123 | D:1      | Reached XP level 2. HP: 27/27 MP: 1/1
   157 | D:1      | Reached skill level 4 in Axes
   208 | D:1      | You fall through a shaft!
   242 | D:2      | Reached XP level 3. HP: 23/33 MP: 2/2
   521 | D:2      | Noticed Jessica
   529 | D:2      | Killed Jessica
   578 | D:2      | Reached ** piety under Trog
   719 | D:2      | Reached XP level 4. HP: 41/41 MP: 3/3
   992 | D:3      | Reached skill level 5 in Axes
  1096 | D:3      | Noticed Ijyb
  1129 | D:3      | Killed Ijyb
  1129 | D:3      | Reached XP level 5. HP: 45/47 MP: 4/4
  1273 | D:3      | Reached skill level 5 in Fighting
  1631 | D:4      | Reached *** piety under Trog
  1643 | D:4      | Noticed Yevrel's ghost (amateur MiFi)
  1886 | D:4      | Killed Yevrel's ghost
  1886 | D:4      | Reached skill level 1 in Spellcasting
  1886 | D:4      | Reached XP level 6. HP: 23/56 MP: 4/6
  2361 | D:4      | Found a staircase to the Ecumenical Temple.
  2376 | D:4      | Found a bloodstained altar of Trog.
  2376 | D:4      | Found a sparkling altar of Nemelex Xobeh.
  2457 | D:4      | Reached XP level 7. HP: 27/61 MP: 7/7
  2467 | Temple   | Entered the Ecumenical Temple
  2882 | D:4      | Noticed Menkaure
  2887 | D:4      | Killed Menkaure
  2887 | D:4      | Reached skill level 6 in Axes
  2887 | D:4      | Reached skill level 5 in Armour
  3550 | D:5      | Entered Level 5 of the Dungeon
  3728 | D:5      | HP: 4/93 [poisoned by a scorpion]
  3729 | D:5      | HP: 1/93 [poisoned by a scorpion]
  3730 | D:5      | Succumbed to a scorpion's poison

Action                   |  1- 3 |  4- 6 |  7- 9 || total
-------------------------+-------+-------+-------++-------
Melee: Hand axe          |    51 |    70 |       ||   121
       Broad axe         |       |    54 |    20 ||    74
Invok: Berserk           |     1 |     1 |     2 ||     4
  Use: Potion            |       |     1 |       ||     1
 Stab: Sleeping          |     1 |       |       ||     1
  Eat: Chunk             |       |     3 |       ||     3
       Bread ration      |       |     1 |     1 ||     2
       Fruit             |       |       |     1 ||     1
